 Dungeon Crawl Stone Soup version 0.31.0-11-ge490571c62 (webtiles) character file.

Game seed: 13212975555219260756

2716 dave1331 the Covered (level 9, -4/78 HPs)
             Began as a Hill Orc Fighter on Jan 28, 2024.
             Slain by an ice beast (14 damage)
             ... on level 7 of the Dungeon.
             The game lasted 00:19:15 (5984 turns).

dave1331 the Covered (Hill Orc Fighter)             Turns: 5984, Time: 00:19:15

Health: -4/78      AC: 12    Str: 29    XL:     9   Next: 66%
Magic:  9/9        EV: 11    Int:  8    God:
Gold:   390        SH:  5    Dex: 10    Spells: 8/8 levels left

rFire   . . .        p - +0 hammer (venom)
rCold   . . .        c - +0 buckler
rNeg    . . .        b - +1 scale mail
rPois   .            (no helmet)
rElec   .            (no cloak)
rCorr   +            g - +2 pair of gloves
SInv    .            (no boots)
Will    .....        (no amulet) Stlth
                     i - ring of resist corrosion
HPRegen 0.33/turn    o - +6 ring of strength
MPRegen 0.11/turn

%: no passive effects
@: no status effects
A: no striking features
a: no special abilities


You were on level 7 of the Dungeon.
You visited 1 branch of the dungeon, and saw 7 of its levels.

You collected 390 gold pieces.

Inventory:

Hand Weapons
 a - a +0 war axe
 n - a +2 trident of protection
 p - a +0 hammer of venom (weapon)
Missiles
 h - a throwing net (quivered)
Armour
 b - a +1 scale mail (worn)
 c - a +0 buckler (worn)
 g - a +2 pair of gloves (worn)
Jewellery
 e - a ring of magical power
 i - a ring of resist corrosion (left hand)
 o - a +6 ring of strength (right hand)
Scrolls
 j - 2 scrolls of teleportation
 m - a scroll of silence
 u - a scroll of poison
Potions
 d - a potion of might
 f - a potion of haste
 k - a potion of cancellation {unknown}
 t - a potion of enlightenment {unknown}


   Skills:
 + Level 6.4 Fighting
 + Level 6.5(8.5) Axes
 + Level 6.4(7.3) Maces & Flails
 + Level 2.5(4.3) Polearms
 + Level 0.2 Throwing
 + Level 7.2 Armour
 + Level 3.5 Dodging
 + Level 1.4 Stealth
 + Level 5.3 Shields
 + Level 2.7 Evocations


You had 8 spell levels left.
You didn't know any spells.
Your spell library contained the following spells:

 Spells                   Type           Power      Damage    Failure   Level
 Freeze                   Ice            0%         1d3       69%         1
 Cigotuvi's Dreadful Rot  Necr/Alch/Air  0%         N/A       83%         2
 Ensorcelled Hibernation  Hex/Ice        0%         N/A       83%         2
 Dazzling Flash           Conj/Hex       0%         N/A       96%         3
 Frozen Ramparts          Ice            0%         1d1       96%         3
 Fugue of the Fallen      Necr           0%         N/A       96%         3
 Hailstorm                Conj/Ice       0%         3d5       96%         3
 Stone Arrow              Conj/Erth      0%         3d7       96%         3
 Tukima's Dance           Hex            0%         N/A       96%         3
 Volatile Blastmotes      Fire/Tloc      0%         2d10      96%         3
 Anguish                  Hex/Necr       0%         N/A       100%        4
 Animate Armour           Summ/Erth      0%         N/A       100%        4
 Ignite Poison            Fire/Alch      0%         N/A       100%        4
 Passage of Golubria      Tloc           0%         N/A       100%        4
 Summon Lightning Spire   Summ/Air       0%         N/A       100%        4
 Freezing Cloud           Conj/Ice/Air   0%         6-21      100%        5
 Lee's Rapid Deconstruct  Erth           0%         3d4*      100%        5
 Yara's Violent Unravell  Hex/Alch       0%         3d3       100%        5
 Starburst                Conj/Fire      0%         6d3       100%        6
 Lehudib's Crystal Spear  Conj/Erth      0%         10d2      100%        8
 Maxwell's Capacitive Co  Air            0%         ∞         100%        8


Dungeon Overview and Level Annotations

Branches:
Dungeon (7/15)             Temple (0/1) D:5

Altars:
Ashenzari
Cheibriados
Gozag
Hepliaklqana
Nemelex Xobeh
Qazlal
Vehumet
Zin

Shops:
D:5 *

Annotations:
D:7 Prince Ribbit


Message History

You barely miss Prince Ribbit.
Prince Ribbit is severely wounded.
Prince Ribbit misses you. The ice beast hits you. The ice beast freezes you!
Prince Ribbit blinks!
Prince Ribbit hits you!
You miss Prince Ribbit.
Prince Ribbit is severely wounded.
The ice beast hits you but does no damage.
Prince Ribbit hops awkwardly around.
Prince Ribbit blinks!
The ice beast hits you but does no damage.
You barely miss the ice beast. The ice beast closely misses you.
You thump the ice beast!
The ice beast is heavily wounded.
The ice beast hits you but does no damage.
You closely miss the ice beast.
The ice beast is heavily wounded.
Prince Ribbit hits you but does no damage.
The ice beast hits you but does no damage.
Prince Ribbit hits you!
* * * LOW HITPOINT WARNING * * *
You sock the ice beast!
The ice beast is poisoned.
The ice beast is severely wounded.
The ice beast hits you but does no damage.
Prince Ribbit hits you.
* * * LOW HITPOINT WARNING * * *
You hit the ice beast but do no damage.
The ice beast looks as sick as possible!
The ice beast is severely wounded.
Prince Ribbit looks more healthy.
Prince Ribbit hops awkwardly around.
Prince Ribbit hits you but does no damage.
The ice beast misses you.
Prince Ribbit hits you but does no damage.
You thump Prince Ribbit!
Prince Ribbit is poisoned.
Prince Ribbit is almost dead.
The ice beast hits you.
* * * LOW HITPOINT WARNING * * *
The ice beast freezes you!
You die...

.........
####........
..#........
#..........
#..........
#.......... #....#
#FY).# #@..##
#...## #....#
#....# #.<..#
#...## .#
#..#######.####..#
#...#......#.....#
#.#...............


You could see Prince Ribbit (very poisoned) and an ice beast (extremely
poisoned).

Vanquished Creatures
  The ghost of turdburglar the Changeling, a novice DrSh of Ignis (D:6)
  Eustachio (D:5)
  Duvessa (D:4)
  An orc warrior (D:6)
  A sky beast (D:6)
  3 ice beasts
  An ogre (D:3)
  A centaur (D:5)
  2 phantoms (D:6)
  4 scorpions
  Dowan (D:4)
  2 howler monkeys
  5 hounds
  4 jellies
  A gnoll bouda (D:6)
  Crazy Yiuf (D:3)
  4 iguanas
  A sleepcap (D:4)
  4 orc wizards
  Terence (D:3)
  13 gnolls
  12 adders
  4 ufetubi (D:5)
  2 dart slugs (D:2)
  2 ribbon worms (D:4)
  11 orcs
  4 bats
  2 endoplasms
  A giant cockroach (D:1)
  3 goblins
  6 hobgoblins
  3 quokkas (D:1)
  9 ball pythons
  A frilled lizard (D:1)
  2 kobolds
  9 rats
124 creatures vanquished.

Notes
Turn   | Place    | Note
-------+----------+-------------------------------------------
     0 | D:1      | dave1331 the Hill Orc Fighter began the quest for the Orb.
     0 | D:1      | Reached XP level 1. HP: 19/19 MP: 1/1
   127 | D:1      | Reached XP level 2. HP: 7/27 MP: 2/2
   428 | D:1      | Reached XP level 3. HP: 31/33 MP: 3/3
  1317 | D:2      | Found an opulent altar of Gozag.
  1481 | D:3      | Reached XP level 4. HP: 20/40 MP: 4/4
  1626 | D:3      | Reached skill level 5 in Axes
  1626 | D:3      | Reached XP level 5. HP: 14/46 MP: 5/5
  2039 | D:3      | Reached skill level 4 in Armour
  2132 | D:3      | Found a stormy altar of Qazlal.
  2158 | D:3      | Noticed an air elemental
  2158 | D:3      | Noticed a fire elemental
  2158 | D:3      | Noticed a water elemental
  2253 | D:3      | Reached XP level 6. HP: 46/53 MP: 6/6
  2319 | D:3      | Found a glowing silver altar of Zin.
  2370 | D:3      | Noticed Terence
  2376 | D:3      | Killed Terence
  2484 | D:3      | Reached skill level 1 in Dodging
  2629 | D:3      | Found a runed translucent door.
  2630 | D:3      | Noticed Crazy Yiuf
  2754 | D:3      | Killed Crazy Yiuf
  2873 | D:4      | Reached skill level 1 in Polearms
  2905 | D:4      | Reached XP level 7. HP: 60/60 MP: 7/7
  2947 | D:4      | Reached skill level 5 in Armour
  3025 | D:4      | Reached skill level 1 in Maces & Flails
  3029 | D:4      | Found a broken altar of Ashenzari.
  3201 | D:4      | Noticed Dowan
  3205 | D:4      | Noticed Duvessa
  3217 | D:4      | Killed Dowan
  3218 | D:4      | Killed Duvessa
  3219 | D:4      | Reached skill level 5 in Fighting
  3335 | D:4      | Found a sparkling altar of Nemelex Xobeh.
  3336 | D:4      | Found an opulent altar of Gozag.
  3444 | D:5      | Entered Level 5 of the Dungeon
  3453 | D:5      | Reached XP level 8. HP: 54/68 MP: 8/8
  3584 | D:5      | Found Xacw's Gadget Gallery.
  3794 | D:5      | Reached skill level 6 in Armour
  3908 | D:5      | Noticed Eustachio
  3932 | D:5      | Killed Eustachio
  4295 | D:5      | Found a staircase to the Ecumenical Temple.
  4394 | D:6      | Found a hazy altar of Hepliaklqana.
  4469 | D:6      | Found a runed translucent gate.
  4469 | D:6      | Found a runed translucent gate.
  4469 | D:6      | Found a runed translucent gate.
  4471 | D:6      | Noticed turdburglar's ghost (novice DrSh)
  4692 | D:6      | Reached skill level 1 in Stealth
  4834 | D:6      | Reached skill level 1 in Evocations
  4908 | D:6      | Reached XP level 9. HP: 75/75 MP: 9/9
  5087 | D:6      | Found a radiant altar of Vehumet.
  5100 | D:6      | Reached skill level 5 in Maces & Flails
  5220 | D:6      | Found a snail-covered altar of Cheibriados.
  5299 | D:6      | Reached skill level 5 in Shields
  5709 | D:6      | Killed turdburglar's ghost
  5710 | D:6      | Reached skill level 7 in Armour
  5960 | D:7      | Noticed Prince Ribbit
  5984 | D:7      | Slain by an ice beast

Illustrated notes

Levels and vault maps discovered:
D:1:      heliophobic_arrival_glass_houses, layout_rooms, corner_web_ring
D:2:      layout_loops_cross, basic_altar
D:3:      layout_basic, nicolae_qazlal_style_of_elements,
          mainiacjoe_overflow_surrounded_room, minivault_5, minivault_5,
          uniq_crazy_yiuf_cottage, uniq_terence
D:4:      layout_rooms, grunt_temple_overflow_opulence,
          overflow_temple_1_default, uniq_duvessa
D:5:      layout_rooms, minmay_temple_entry_enclosed_plants,
          nicolae_shop_gadgets, uniq_eustachio
D:6:      layout_gridville, mainiacjoe_overflow_two_lobes,
          mainiacjoe_overflow_brackets, gammafunk_ghost_split,
          hangedman_decor_slide_cut, st_stairs_12
D:7:      nzn_winding_woodlands_medium [nzn_winding_woodlands_5x5_checkerboard,
          nzn_winding_woodlands_5x15_longhouse,
          nzn_winding_woodlands_5x5_closed_star,
          nzn_winding_woodlands_5x5_perimeter,
          nzn_winding_woodlands_center_diamonds,
          nzn_winding_woodlands_5x5_open_star, nzn_winding_woodlands_hourglass,
          nzn_winding_woodlands_5x15_lazy_stream,
          nzn_winding_woodlands_5x5_cross], layout_rooms,
          nicolae_elyvilon_temple_path, uniq_prince_ribbit1

Skill      XL: |  1  2  3  4  5  6  7  8  9 |
---------------+----------------------------+-----
Axes           | 3 5 6 |  6.5
Fighting       | 4 5 6 |  6.4
Armour         | 4 5 6 7 |  7.2
Dodging        | 1 3 |  3.5
Polearms       | 1 2 |  2.5
Shields        | 4 5 |  5.3
Maces & Flails | 3 4 6 |  6.4
Stealth        | 1 |  1.4
Evocations     | 1 2 |  2.7
Throwing       | |  0.2

Action                     |  1- 3 |  4- 6 |  7- 9 || total
---------------------------+-------+-------+-------++-------
  Melee: War axe           |   106 |    44 |       ||   150
         Trident           |       |    22 |       ||    22
         Mace              |       |    17 |   333 ||   350
  Throw: Stone             |     4 |     8 |       ||    12
  Evoke: Wand              |       |       |    34 ||    34
    Use: Potion            |     5 |     2 |    10 ||    17
         Scroll            |     3 |     2 |     6 ||    11
   Stab: Invisible         |     2 |       |       ||     2
 Armour: Scale mail        |    86 |    60 |   382 ||   528
  Dodge: Dodged            |    60 |    39 |   233 ||   332
  Block: Buckler           |    30 |    18 |    92 ||   140
